 Dungeon Crawl Stone Soup version 0.28-a0-804-g60983d4ba9 (webtiles) character file.

Game seed: 3635704554281334137

69 ytrimaz the Chopper (level 4, -3/43 HPs)
             Began as a Naga Berserker on Nov 7, 2021.
             Was a Believer of Trog.
             Slain by Grinder (9 damage)
             ... on level 3 of the Dungeon.
             The game lasted 00:05:45 (1798 turns).

ytrimaz the Chopper (Naga Berserker)                Turns: 1798, Time: 00:05:46

Health: -3/43      AC:  2    Str: 21    XL:     4   Next: 20%
Magic:  13/13      EV: 10    Int:  7    God:    Trog [**....]
Gold:   71         SH:  0    Dex: 10    Spells: 3/3 levels left

rFire   . . .      SeeInvis +   a - +0 hand axe
rCold   . . .      Faith    .   (no shield)
rNeg    . . .      Spirit   .   b - +0 animal skin
rPois   +          Reflect  .   (no helmet)
rElec   .          Harm     .   (no cloak)
rCorr   .          Rampage  .   (no gloves)
Will    .....                   (no barding)
Stlth   ++........              (no amulet)
HPRegen 0.14/turn               c - ring of magical power
MPRegen 0.13/turn               (no ring)

@: on berserk cooldown, very slow
A: AC +1, large, see invisible, deformed body, poison resistance, slowness 2,
spit poison 1, naga tail 1
a: Spit Poison, Renounce Religion, Berserk, Trog's Hand


You were on level 3 of the Dungeon.
You worshipped Trog.
Trog was pleased with you.
You visited 1 branch of the dungeon, and saw 3 of its levels.

You collected 71 gold pieces.

Inventory:

Hand Weapons
 a - a +0 hand axe (weapon)
Armour
 b - a +0 animal skin (worn)
 l - a +0 chain mail
Jewellery
 c - a ring of magical power (left hand)
Scrolls
 f - a scroll of noise {unknown}
 i - a scroll of amnesia {unknown}
 j - a scroll of fog {unknown}
 k - a scroll of identify {unknown}
 m - a scroll of silence {unknown}
Potions
 d - 2 potions of berserk rage
 g - 2 potions of curing {unknown}
 h - 2 potions of mutation {unknown}


   Skills:
 + Level 3.6 Fighting
 + Level 3.7 Axes
 - Level 1.7 Armour
 * Level 2.1 Dodging
 * Level 1.5 Stealth


You had 3 spell levels left.
You didn't know any spells.
Your spell library was empty.

Dungeon Overview and Level Annotations

Branches:
Dungeon (3/15)

Altars:

Annotations:
D:3 Grinder


Innate Abilities, Weirdness & Mutations

Your serpentine skin is tough. (AC +1)
You have supernaturally acute eyesight. (SInv)
Armour fits poorly on your strangely shaped body.
Your system is resistant to poisons. (rPois)
You cover ground very slowly.
You can spit poison.
You have a snake-like lower body.


Message History

You completely miss Grinder.
Grinder is moderately wounded.
Grinder hits you!
You closely miss Grinder.
Grinder is moderately wounded.
You hit Grinder.
Grinder is heavily wounded.
Grinder gestures at you. You resist with significant effort.
You barely miss Grinder.
Grinder is heavily wounded.
Grinder closely misses you.
You closely miss Grinder.
Grinder is heavily wounded.
Grinder gestures at you.
You suddenly lose the ability to move!
Grinder hits you.
You writhe in agony.
Grinder gestures at you. Pain shoots through your body!
Grinder blinks!
You can move again.
Grinder gestures at you. You resist with significant effort.
Unknown command.
You feel a strong urge to attack something.
You are no longer berserk.
You are exhausted.
You feel yourself slow down. Grinder gestures at you.
Pain shoots through your body!
* * * LOW HITPOINT WARNING * * *
It was a potion of berserk rage.
You're still recovering from your berserk rage.
Grinder barely misses you.
It was a potion of cancellation.
Your magical effects are unravelling.
You feel magically purged.
You feel yourself speed up. Grinder barely misses you. Grinder hits you!
You die...

###########.
#...@5......
#.#########.
##### #.#
#...#######.#
#...........#####
#...#####.......#
##.## #.#####.#
#.# #.# #.# #.#
#.# #.#


You could see Grinder.

Vanquished Creatures
  2 adders
  A worm (D:2)
  2 dart slugs
  7 bats
  An endoplasm (D:1)
  6 goblins
  6 hobgoblins
  3 jackals (D:1)
  2 quokkas (D:1)
  4 ball pythons
  A frilled lizard (D:3)
  A kobold (D:1)
  5 rats
41 creatures vanquished.

Notes
Turn   | Place    | Note
-------+----------+-------------------------------------------
     0 | D:1      | ytrimaz the Naga Berserker began the quest for the Orb.
     0 | D:1      | Reached XP level 1. HP: 21/21 MP: 1/1
   122 | D:1      | You fall into a shaft and drop 1 floor!
   165 | D:2      | Reached XP level 2. HP: 28/28 MP: 2/2
   476 | D:1      | Reached XP level 3. HP: 29/34 MP: 3/3
   520 | D:1      | Found a faded altar of an unknown god.
   951 | D:2      | Reached skill level 1 in Stealth
  1129 | D:2      | Reached ** piety under Trog
  1427 | D:3      | Reached XP level 4. HP: 36/42 MP: 4/4
  1781 | D:3      | Noticed Grinder
  1791 | D:3      | Paralysed by Grinder for 3 turns
  1798 | D:3      | Slain by Grinder

Illustrated notes

Levels and vault maps discovered:
D:1:      sevenhm_arrival_forest_fort_small_4, layout_rooms,
          hellmonk_ecumenical_altar_crossroads, grunt_decor_mini_mirrors,
          minmay_misc_feat_tiny, minmay_misc_feat_iff, minmay_cut_off
D:2:      layout_rooms, serial_park_tiny_pond, dk_noncrumbling_4
D:3:      layout_loops_ring, minivault_24, uniq_crazy_yiuf_cottage, uniq_grinder

Skill      XL: |  1  2  3 |
---------------+----------+-----
Stealth        | 1 |  1.5
Dodging        | 2 |  2.1
Fighting       | |  3.6
Axes           | |  3.7
Armour         | |  1.7

Action                   |  1- 3 |  4- 6 || total
-------------------------+-------+-------++-------
Melee: Hand axe          |    52 |    20 ||    72
Invok: Berserk           |     1 |     1 ||     2
 Abil: Spit Poison       |    27 |     4 ||    31
  Use: Potion            |       |     2 ||     2
Armor: Animal skin       |    16 |     1 ||    17
Dodge: Dodged            |    40 |    14 ||    54

Table legend: (Time is in decaauts)
 A = Elapsed time spent in this place.
 B = Non-inter-level travel time spent in this place.
 C = Inter-level travel time spent in this place.
 D = Time resting spent in this place.
 E = Time spent auto-exploring this place.
 F = Levels seen in this place.
 G = Mean time per level.
                   A        B        C        D        E       F      G
               +--------+--------+--------+--------+--------+-----+--------+
         Total |   2243 |   2188 |     55 |     60 |   1760 |   3 |  747.7 |
       Dungeon |   2243 |   2188 |     55 |     60 |   1760 |   3 |  747.7 |
               +--------+--------+--------+--------+--------+-----+--------+

Top non-repeatable levels by time:
     D:1: 849 daAuts
     D:2: 848 daAuts
     D:3: 544 daAuts
